 Dungeon Crawl Stone Soup version 0.19.4-9-g45fd643 (webtiles) character file.

31 oplop the Chiller (level 3, 0/23 HPs)
             Began as an Octopode Ice Elementalist on Feb 20, 2017.
             Slain by an adder (5 damage)
             ... on level 2 of the Dungeon.
             The game lasted 00:01:26 (1045 turns).

oplop the Chiller (Octopode Ice Elementalist)       Turns: 1045, Time: 00:01:27

Health: 0/23       AC:  1    Str:  7    XL:     3   Next: 22%
Magic:  0/6        EV: 13    Int: 18    God:
Gold:   31         SH:  0    Dex: 12    Spells: 1 memorised, 5 levels left

rFire  . . .     SeeInvis .     (no weapon)
rCold  . . .     Gourm    .     (no shield)
rNeg   . . .     Faith    .     (helmet restricted)
rPois  .         Spirit   .     (no amulet)
rElec  .         Reflect  .     (no ring)
rCorr  .         Harm     .     (no ring)
MR     .....                    (no ring)
Stlth  +++.......               (no ring)
                                (no ring)
                                (no ring)
                                (no ring)
                                (no ring)

@: lethally poisoned (0 -> -3), very slightly contaminated
A: almost no armour, stealthy swim, amphibious, 8 rings, constrict 8, camouflage
1, gelatinous body 1
a: no special abilities


You were on level 2 of the Dungeon.
You were not hungry.

You visited 1 branch of the dungeon, and saw 2 of its levels.

You collected 31 gold pieces.

Inventory:

Scrolls
 e - a scroll of immolation {unknown}
Potions
 c - a potion of agility {unknown}
 d - 2 potions of magic {unknown}
Books
 a - a book of Frost

   Spells                             Type                      Level
   a - Freeze                         Ice                          1
   b - Throw Frost                    Conjuration/Ice              2
   c - Ozocubu's Armour               Charms/Ice                   3
   d - Throw Icicle                   Conjuration/Ice              4
   e - Summon Ice Beast               Ice/Summoning                4
Comestibles
 b - a bread ration


   Skills:
 + Level 1.1 Fighting
 - Level 2.0 Dodging
 - Level 2.6 Stealth
 + Level 2.1 Spellcasting
   Level 1.0 Conjurations
 * Level 3.9 Ice Magic


You had 5 spell levels left.
You knew the following spells:

 Your Spells              Type           Power        Failure   Level  Hunger
a - Freeze                Ice            ###.         4%          1    #......


Dungeon Overview and Level Annotations

Branches:
Dungeon (2/15)

Altars:
Okawaru


Innate Abilities, Weirdness & Mutations

You cannot wear most types of armour.
You are very stealthy in the water. (Stealth+)
You are amphibious.
You can wear up to eight rings at the same time.
You can use your tentacles to constrict eight enemies at once.
Your skin changes colour to match your surroundings (Stealth+).
Your rubbery body absorbs attacks. (AC +1, EV +1)


Message History

You feel sick.
The adder is no longer moving slowly.
The adder barely misses you.
Casting: Freeze
Confirm with . or Enter, or press ? or * to list all spells.
Aiming: Freeze
Press: ? - help, Shift-Dir - straight line, f/p - adder
Aim: an adder (moderately wounded)
You freeze the adder.
The adder is severely wounded.
The adder bites you.
* * * LOW HITPOINT WARNING * * *
A rat comes into view.
Casting: Freeze
Confirm with . or Enter, or press ? or * to list all spells.
Aiming: Freeze
Press: ? - help, Shift-Dir - straight line, f/p - adder
Aim: an adder (severely wounded)
You miscast Freeze.
Nothing appears to happen.
You feel sick. The adder barely misses you. The adder bites you.
You die...

..
##..#
#...#
#.#..#
#.##.#
#.# .#
#.# .#
#.# .#
#.# #@#
#S# .g.
?....
r#...##
#.##.##
# ###


You could see an adder, a hobgoblin and a rat.

Vanquished Creatures
  2 dart slugs (D:1)
  A leopard gecko (D:2)
  2 giant cockroaches (D:1)
  3 hobgoblins (D:1)
  2 kobolds
  9 bats
  A frilled lizard (D:1)
  3 goblins (D:1)
  2 rats (D:1)
25 creatures vanquished.

Notes
Turn   | Place    | Note
-------+----------+-------------------------------------------
     0 | D:1      | oplop the Octopode Ice Elementalist began the quest for the Orb.
     0 | D:1      | Reached XP level 1. HP: 11/11 MP: 3/3
   393 | D:1      | Reached XP level 2. HP: 11/18 MP: 5/5
   408 | D:1      | Reached skill level 1 in Fighting
   813 | D:1      | Reached XP level 3. HP: 23/23 MP: 2/6
   862 | D:1      | Found an iron altar of Okawaru.
  1045 | D:2      | Slain by an adder

Skill      XL: |  1  2 |
---------------+-------+-----
Fighting       | 1 |  1.1
Dodging        | |  2.0
Stealth        | |  2.6
Spellcasting   | |  2.1
Conjurations   | |  1.0
Ice Magic      | |  3.9

Action                   || total
-------------------------++-------
Melee: Unarmed           ||    68
       Constrict         ||    23
       Tentacles         ||     9
 Cast: Freeze            ||    16
 Stab: Sleeping          ||    11
  Eat: Chunk             ||     1
Armor: Skin              ||    11
Dodge: Dodged            ||    61
